Map: 네온 바이올렛 스퀘어 - 래더

Players

INnoVation

  • Race: Terran Terran
  • League: Grandmaster
  • Spawn Location: 11:00

Classic - Winner!

  • Race: Protoss Protoss
  • League: Master
  • Spawn Location: 5:00

VOD

Have the link to the VOD?

Description

Time

  • Played on: Dec. 23, 2017, 5 a.m.
  • Length: 5:08
Show
View Real Time Build Order
Export as new Build Order

INnoVation Terran 

Build Orders: Gas First Reaper Expand, Reaper Expand 

Get SALT Encoding   

  12  0:00  SCV  
  13  0:13  SCV  
  14  0:18  Supply Depot  
  14  0:25  SCV  
  15  0:28  Refinery  
  15  0:39  SCV  
  16  0:45  Barracks  
  16  0:51  SCV  
  17  1:03  SCV  
  18  1:15  SCV  
  19  1:32  Orbital Command, Reaper  
  20  1:45  Command Center  
  20  1:55  Factory  
  20  1:59  SCV  
  21  2:06  Barracks Reactor  
  21  2:11  SCV  
  21  2:14  Supply Depot  
  22  2:16  Refinery  
  22  2:23  SCV  
  23  2:36  SCV  
  24  2:43  Starport  
  24  2:46  Hellion x2  
  24  2:48  SCV  
  29  2:58  Orbital Command  
  29  3:00  SCV  
  30  3:07  Widow Mine  
  30  3:08  Widow Mine  
  34  3:15  SCV  
  34  3:19  Medivac  
  37  3:23  SCV  
  37  3:26  Supply Depot  
  38  3:33  Widow Mine  
  38  3:34  Widow Mine  
  41  3:36  SCV x2  
  41  3:37  Barracks Tech Lab  
  43  3:48  SCV x2  
  45  3:49  Supply Depot  
  45  3:50  Barracks  
  45  3:56  Marine  
  45  4:00  SCV x2  
  48  4:05  Barracks  
  48  4:06  Factory Tech Lab  
  48  4:14  Marauder  
  52  4:20  Cyclone, Bunker  
  53  4:29  Cyclone  
  52  4:37  Marauder  
Show
View Real Time Build Order
Export as new Build Order

Classic Protoss - Winner!

Build Orders: 1 Gate Expand 

Get SALT Encoding   

  12  0:01  Probe  
  13  0:13  Probe  
  14  0:19  Pylon  
  14  0:25  Probe (Chrono Boost)  
  15  0:37  Probe (Chrono Boost)  
  15  0:38  Gateway  
  16  0:45  Probe (Chrono Boost)  
  16  0:46  Assimilator  
  17  0:51  Probe  
  18  1:03  Probe  
  19  1:16  Probe  
  20  1:23  Nexus  
  20  1:33  Cybernetics Core  
  20  1:36  Probe  
  21  1:41  Assimilator  
  21  1:48  Probe  
  21  1:51  Pylon  
  22  2:00  Probe  
  23  2:04  Warp Gate (Chrono Boost)  
  23  2:07  Stalker (Chrono Boost)  
  23  2:13  Probe  
  26  2:25  Robotics Facility  
  26  2:26  Probe  
  27  2:36  Probe  
  28  2:38  Probe  
  29  2:48  Probe  
  29  2:51  Probe  
  31  2:56  Gateway  
  31  2:57  Gateway  
  33  3:07  Stalker  
  33  3:09  Warp Prism (Chrono Boost)  
  35  3:14  Probe  
  35  3:17  Probe  
  37  3:22  Pylon  
  37  3:26  Probe  
  38  3:29  Probe  
  39  3:39  Probe  
  39  3:40  Observer  
  39  3:41  Probe  
  42  3:47  Pylon  
  42  3:53  Stalker  
  42  3:54  Stalker x2  
  48  3:57  Probe x2  
  50  4:03  Gateway  
  50  4:05  Observer  
  51  4:16  Stalker  
  53  4:17  Stalker x2  
  53  4:23  Probe x2  
  57  4:42  Stalker  
  57  4:43  Stalker  
  57  4:44  Stalker  
  60  4:51  Probe x2  
  62  5:06  Pylon  
Tags
 
Add a new tag
Caveats
  • Supply blocks, unpowered buildings, or Contaminate may cause inaccurate times.
  • Supply counts are checked every 10 seconds.